 Dungeon Crawl Stone Soup version 0.23-a0-333-g006994f (webtiles) character file.

1157 Amnesiac the Geomancer (level 8, -6/57 HPs)
             Began as a Ghoul Earth Elementalist on Oct 17, 2018.
             Was a Follower of Vehumet.
             Mangled by a hell hound (9 damage)
             ... on level 1 of the Abyss.
             The game lasted 00:16:22 (6945 turns).

Amnesiac the Geomancer (Ghoul Earth Elementalist)   Turns: 6945, Time: 00:16:22

Health: -6/57      AC:  7    Str: 12    XL:     8   Next: 39%
Magic:  3/14       EV: 12    Int: 17    God:    Vehumet [*.....]
Gold:   301        SH:  0    Dex:  9    Spells: 4/16 levels left

rFire    + . .     SeeInvis .   a - +2 dagger (elec)
rCold    . . .     Gourm    .   (no shield)
rNeg     + + +     Faith    .   c - +0 robe
rPois    ∞         Spirit   .   h - +0 helmet
rElec    .         Reflect  .   (no cloak)
rCorr    .         Harm     .   q - +0 pair of gloves
MR       .....                  e - +0 pair of boots
Stlth    ++........             (no amulet)
HPRegen  0.00/turn              t - ring of fire
MPRegen  0.14/turn              g - +2 ring of protection (curse)

@: brilliant, rotting
A: rotting body, claws 1, carnivore, cold resistance 1, negative energy
resistance 3, inhibited regeneration, torment resistance, unbreathing
a: Renounce Religion


You were on level 1 of the Abyss.
You worshipped Vehumet.
Vehumet was aware of your devotion.
You were not hungry.

You visited 2 branches of the dungeon, and saw 7 of its levels.
You visited the Abyss 1 time.
You also visited: Ossuary.

You collected 301 gold pieces.

Inventory:

Hand Weapons
 a - a +2 dagger of electrocution (weapon)
 b - a +0 blowgun
Missiles
 j - 13 poisoned needles
 w - 58 stones (quivered)
Armour
 c - a +0 robe (worn)
 e - a +0 pair of boots (worn)
 h - a +0 helmet (worn)
 q - a +0 pair of gloves (worn)
 r - a +0 leather armour
Jewellery
 g - a cursed +2 ring of protection (right hand)
 p - an uncursed ring of wizardry
 t - a ring of fire (left hand)
Scrolls
 f - 2 scrolls of blinking {!r}
 n - a scroll of fear {!r}
 s - 2 scrolls of teleportation {!r}
 u - 3 scrolls of identify {!r}
 v - 2 scrolls of remove curse {!r}
Potions
 l - a potion of ambrosia {!q}
 m - 5 potions of might {!q}
 o - 4 potions of curing {!q}
Comestibles
 d - 9 rations


   Skills:
 + Level 2.0 Dodging
 - Level 2.1 Stealth
 + Level 4.8 Spellcasting
 - Level 0.8 Transmutations
 * Level 9.3 Earth Magic


You had 4 spell levels left.
You knew the following spells:

 Your Spells              Type           Power        Failure   Level  Hunger
a - Sandblast             Erth           #####.       1%          1    None
b - Passwall              Tmut/Erth      ####....     1%          2    #......
d - Lee's Rapid Deconstr  Erth           #####.....   1%          5    ######.
e - Petrify               Tmut/Erth      ####....     2%          4    ####...

Your spell library contained the following spells:

 Spells                   Type           Power        Failure   Level  Hunger
 Magic Dart               Conj           ##..         1%          1    None
 Stone Arrow              Conj/Erth      ####..       1%          3    ###....


Dungeon Overview and Level Annotations

Branches:
Dungeon (6/15)             Temple (1/1) D:5

Altars:
Ashenzari
Cheibriados
Elyvilon
Fedhas
Hepliaklqana
Kikubaaqudgha
Makhleb
Nemelex Xobeh
Okawaru
Ru
Sif Muna
Trog
Uskayaw
Vehumet
Wu Jian
Xom
Zin

Annotations:
D:2 exclusion: Executioner
D:4 Megalobster's ghost, novice GnSk
D:5 1 runed door


Innate Abilities, Weirdness & Mutations

Your body is rotting away.
You thrive on raw meat.
You are immune to poison.
You have sharp fingernails.
You are carnivorous and can eat meat at any time.
Your flesh is cold resistant. (rC+)
You are immune to negative energy. (rN+++)
You do not regenerate when monsters are visible.
You are immune to unholy pain and torment.
You can survive without breathing.


Message History

Casting: Sandblast (safe; 1% risk of failure)
Confirm with . or Enter, or press ? or * to list all spells.
Aiming: Sandblast (safe; 1% risk of failure)
Press: ? - help, Shift-Dir - straight line, f/p - hell hound
Aim: a hell hound (severely wounded)
The blast of sand misses the hell hound.
w - 60 stones The hell hound breathes flames at you.
The blast of flame hits you! You resist.
* * * LOW HITPOINT WARNING * * *
The hell hound bites you but does no damage. x2
Unknown command.
Casting: Sandblast (safe; 1% risk of failure)
Confirm with . or Enter, or press ? or * to list all spells.
Aiming: Sandblast (safe; 1% risk of failure)
Press: ? - help, Shift-Dir - straight line, f/p - hell hound
Aim: a hell hound (severely wounded, catching its breath)
The blast of sand hits the hell hound.
You kill the hell hound!
Vehumet accepts your kill.
Your Dodging skill increases to level 2!
w - 59 stones The hell hound closely misses you.
The hell hound barely misses you.
Unknown command.
Casting: Sandblast (safe; 1% risk of failure)
Confirm with . or Enter, or press ? or * to list all spells.
Aiming: Sandblast (safe; 1% risk of failure)
Press: ? - help, Shift-Dir - straight line, f - hell hound
Aim: a hell hound (catching its breath)
The blast of sand hits the hell hound.
The hell hound is lightly wounded.
w - 58 stones The hell hound bites you!
* * * LOW HITPOINT WARNING * * *
Unknown command.
The hell hound bites you!
* * * LOW HITPOINT WARNING * * *
Really quaff
i - a potion of heal wounds {!q}?
You feel much better. The hell hound barely misses you.
The hell hound bites you.
* * * LOW HITPOINT WARNING * * *
The hell hound bites you.
* * * LOW HITPOINT WARNING * * *
The hell hound bites you.
* * * LOW HITPOINT WARNING * * *
Casting: Sandblast (safe; 1% risk of failure)
Confirm with . or Enter, or press ? or * to list all spells.
Aiming: Lee's Rapid Deconstruction (safe; 1% risk of failure)
Press: ? - help, Dir - move target cursor, p - hell hound A metal wall.
The metal wall shatters!
The blast of metal fragments hits the hell hound.
The hell hound is heavily wounded.
The blast of metal fragments hits the hell hound.
The hell hound is heavily wounded.
The hell hound breathes flames at you. The blast of flame misses you.
Casting: Lee's Rapid Deconstruction (safe; 1% risk of failure)
Confirm with . or Enter, or press ? or * to list all spells.
You don't have enough magic to cast that spell.
The hell hound bites you!
* * * LOW HITPOINT WARNING * * *
The hell hound barely misses you. The hell hound bites you!
You die...

#. .. #. ... ## ..
#.... .. #. .#
.#..#.h }.# ..# #.
.#.# ..##..# .#...
.#... .....
.....##..### § .
#..@## ##.h
#..#.hhh# .#. ##..#
......†.##h..... ...
##...##.#.#.........
..#.. #...# .. #..#
.. #.###..#.# .##..#
# .# #..#... . .....
.# #..... .... .. #.
#...### .##..#


You could see 3 hell hounds.

Vanquished Creatures
  Eustachio (D:5)
  A hell hound (Abyss:1)
  3 ogres
  A scorpion (D:4)
  A howler monkey (D:2)
  2 crimson imps (D:5)
  2 hounds
  2 orc priests (D:4)
  A centaur skeleton (D:4)
  An orc wizard (D:4)
  2 big kobold zombies (Ossuary)
  A hound zombie (D:5)
  2 mummies (Ossuary)
  7 adders
  2 river rats (D:5)
  4 oozes
  2 adder zombies (Ossuary)
  5 worms
  2 dart slugs
  4 leopard geckos
  3 orcs
  5 giant cockroaches
  11 goblins
  3 hobgoblins
  22 jackals
  3 quokkas
  2 ball pythons
  11 bats
  4 frilled lizards
  4 goblin zombies (Ossuary)
  13 hobgoblin zombies (Ossuary)
  2 jackal zombies (Ossuary)
  7 kobolds
  7 kobold zombies (Ossuary)
  6 orc zombies (Ossuary)
  14 rats
163 creatures vanquished.

Notes
Turn   | Place    | Note
-------+----------+-------------------------------------------
     0 | D:1      | Amnesiac the Ghoul Earth Elementalist began the quest for
                  | the Orb.
     0 | D:1      | Reached XP level 1. HP: 14/14 MP: 2/2
   158 | D:1      | Reached XP level 2. HP: 17/20 MP: 2/4
   162 | D:1      | Learned a level 2 spell: Passwall
   304 | D:2      | Reached skill level 4 in Earth Magic
   414 | D:2      | Reached XP level 3. HP: 26/26 MP: 5/5
   506 | D:3      | Found a hide-covered altar of Uskayaw.
   714 | D:4      | Found a sand-covered staircase.
   800 | D:4      | Noticed a scorpion
   885 | D:3      | Reached XP level 4. HP: 17/33 MP: 6/6
  1024 | Ossuary  | Entered an ossuary
  1521 | Ossuary  | Reached skill level 5 in Earth Magic
  1964 | Ossuary  | Reached XP level 5. HP: 21/36 MP: 2/8
  2305 | D:4      | Reached skill level 6 in Earth Magic
  2310 | D:4      | Reached XP level 6. HP: 39/39 MP: 0/9
  2840 | D:4      | Found a hazy altar of Hepliaklqana.
  2869 | D:4      | Reached skill level 7 in Earth Magic
  2869 | D:4      | Reached XP level 7. HP: 41/50 MP: 5/11
  2877 | D:4      | Learned a level 5 spell: Lee's Rapid Deconstruction
  2882 | D:4      | Learned a level 4 spell: Petrify
  3525 | D:5      | Entered Level 5 of the Dungeon
  3697 | D:5      | Found a runed door.
  3711 | D:5      | Reached skill level 8 in Earth Magic
  3750 | D:5      | Noticed Megalobster's ghost (novice GnSk)
  4118 | D:5      | Noticed Eustachio
  4165 | D:5      | Found a staircase to the Ecumenical Temple.
  4171 | Temple   | Entered the Ecumenical Temple
  4193 | Temple   | Became a worshipper of Vehumet
  4682 | D:5      | Killed Eustachio
  4682 | D:5      | Reached XP level 8. HP: 55/55 MP: 4/13
  5486 | D:2      | Reached * piety under Vehumet
  5486 | D:2      | Offered knowledge of Magic Dart by Vehumet.
  5760 | D:2      | Reached skill level 9 in Earth Magic
  6184 | D:2      | Found a burning altar of Makhleb.
  6184 | D:2      | Noticed an Executioner
  6748 | D:5      | Found a runed door.
  6897 | D:6      | Cast into level 1 of the Abyss (gnoll sergeant)
  6907 | Abyss:1  | Found a corrupted altar of Lugonu.
  6945 | Abyss:1  | Mangled by a hell hound

Vault maps used:
D:1:      lemuel_arrival_broad_hall, dk_noncrumbling_2
D:2:      wad_pebble_path, makhleb_altar_promises_db, patterned_corridor
D:3:      lemuel_crystal_altar, first_ration
D:4:      kennysheep_mini, nicolae_ossuary_entry_false_entrances
D:5:      minmay_temple_entry_hall, ebering_ghost_sewer_f, uniq_eustachio
D:6:      grunt_qazlal_clouds
Temple:   nicolae_temple_great_sept
Ossuary:  ossuary_tomb_1

Skill      XL: |  1  2  3  4  5  6  7  8 |
---------------+-------------------------+-----
Spellcasting   | 2 3 4 |  4.8
Earth Magic    | 4 5 6 7 8 9 |  9.3
Dodging        | 2 |  2.0
Stealth        | |  2.1
Transmutations | |  0.8

Action                   |  1- 3 |  4- 6 |  7- 9 || total
-------------------------+-------+-------+-------++-------
Melee: Spear             |   111 |   258 |   164 ||   533
       Dagger            |       |       |   119 ||   119
 Cast: Sandblast         |    20 |    39 |    37 ||    96
       Passwall          |     2 |     1 |       ||     3
       Lee's Rapid Decon |       |       |    11 ||    11
       Petrify           |       |       |     1 ||     1
  Use: Scroll            |     3 |     3 |     3 ||     9
       Potion            |       |       |     7 ||     7
 Stab: Sleeping          |     3 |     4 |     4 ||    11
       Distracted        |       |       |     2 ||     2
  Eat: Chunk             |    13 |    13 |    18 ||    44
Armor: Robe              |    48 |    61 |   120 ||   229
Dodge: Dodged            |   143 |   140 |   240 ||   523

Table legend:
 A = Non-vault XP
 B = Vault XP
 C = Vault XP percentage of total XP
 D = Non-vault monster count
 E = Vault monster count
 F = Vault count percentage of total count
                 A         B        C        D         E       F
            +---------+---------+-------+---------+---------+-------
      Total |    1305 |     348 |  21.1 |     119 |      44 |  27.0
            +---------+---------+-------+---------+---------+-------
        D:1 |      50 |       0 |   0.0 |      29 |       0 |   0.0
        D:2 |     179 |       0 |   0.0 |      39 |       0 |   0.0
        D:3 |      69 |       0 |   0.0 |      23 |       0 |   0.0
        D:4 |     541 |       0 |   0.0 |      16 |       0 |   0.0
        D:5 |     269 |     215 |  44.4 |      10 |       6 |  37.5
        D:6 |      43 |       0 |   0.0 |       1 |       0 |   0.0
    Abyss:1 |     154 |       0 |   0.0 |       1 |       0 |   0.0
    Ossuary |       0 |     133 | 100.0 |       0 |      38 | 100.0
            +---------+---------+-------+---------+---------+-------
